[Event "Early-Titled-Tuesday-Blitz-October-10-2023"]
[Site "Chess.com"]
[Date "2023.10.10"]
[Round "1"]
[White "xamax2000"]
[Black "DerKnipser"]
[Result "1-0"]
[WhiteElo "2845"]
[BlackElo "2472"]
[TimeControl "180+1"]
[EndTime "8:05:50 PDT"]
[Termination "xamax2000 won by resignation"]

1. Nf3 d5 2. g3 e6 3. Bg2 Nf6 4. O-O Be7 5. d4 O-O 6. Ne5 c6 7. c4 Nbd7 8. Nc3 Re8 9. Bf4 Nxe5 10. dxe5 Nd7 11. cxd5 exd5 12. e4 dxe4 13. Nxe4 Qb6 14.
Qc2 Nf8 15. Nd6 Rd8 16. Rfd1 Be6 17. h4 Ng6 18. Be3 Qc7 19. f4 Bxd6 20. exd6 Rxd6 21.
f5 Rxd1+ 22. Rxd1 Bxf5 23. Qxf5 Qxg3 24. Bf2 Qf4 25. Qxf4 Nxf4 26. Rd7 Nxg2 27. Kxg2 b6 28. h5 c5 29. Rb7 h6 30. Be3 Kf8 31. Kf3 Kg8 32. Bf4 Kf8 33. Be5 Kg8 34. Ke4 Kf8 35. Kf5 Kg8 36. a4 Kf8 37. Bc3 Kg8 38. Ke4 Kf8 39. Kd5 Ke8 40. Kc4 Kf8 41. Kb5 g6 42. hxg6 fxg6 43. Rh7 Kg8 44. Rh8+ Kf7 45. Rxa8 1-0

[Event "Early-Titled-Tuesday-Blitz-October-10-2023"]
[Site "Chess.com"]
[Date "2023.10.10"]
[Round "1"]
[White "Politov_Pavel"]
[Black "dcremisi"]
[Result "0-1"]
[WhiteElo "2045"]
[BlackElo "2540"]
[TimeControl "180+1"]
[EndTime "8:05:50 PDT"]
[Termination "dcremisi won by resignation"]

1. e4 e6 2. d4 d5 3. Nc3 Bb4 4. e5 c5 5. a3 Bxc3+ 6. bxc3 Ne7 7. Qg4 Qc7 8. Qxg7 Rg8 9. Qxh7 cxd4 10. Ne2 Nbc6 11.
cxd4 Nxd4 12. Ra2 Nxe2 13. Bxe2 Qxe5 14. Kf1 Bd7 15. a4 Rc8 16. Ba3 Rh8 17. Qd3 Rxh2 18. Rxh2 Qxh2 19. Bf3 Qh1+ 20. Ke2 Qh4 21. g3 Qxa4 22.
Rb2 a6 23. Rxb7 Bb5 24. Rxe7+ Kd8 25. Rxf7 Qxc2+ 26. Ke3 Qxd3+ 27. Kf4 Qxa3 28. Rf6 0-1

[Event "Early-Titled-Tuesday-Blitz-October-10-2023"]
[Site "Chess.com"]
[Date "2023.10.10"]
[Round "1"]
[White "Tssunami"]
[Black "Witik"]
[Result "0-1"]
[WhiteElo "2398"]
[BlackElo "2707"]
[TimeControl "180+1"]
[EndTime "8:05:51 PDT"]
[Termination "Witik won by resignation"]

1. c4 e5 2. Nc3 Bb4 3. g3 Bxc3 4.
dxc3 Ne7 5. e4 d6 6. Bg2 Nd7 7. Nf3 b6 8. Nd2 Bb7 9. O-O O-O 10. Qc2 f5 11. exf5 Bxg2 12. Kxg2 Nxf5 13. Qe4 Qe8 14. Nf3 Qg6 15. Nh4 Nxh4+ 16. Qxh4 Nc5 17. Be3 Ne6 18. Kh1 Rf3 19. a4 Raf8 20. a5 h6 21.
axb6 axb6 22. Kg2 Kh7 23. Rae1 R8f7 24. Bc1 Kg8 25. Qe4 Qxe4 26. Rxe4 Nc5 27. Re3 R3f6 28.
b4 Ne6 29. Bd2 Rf8 30. h4 Ra8 31. Rf3 h5 32. Rf5 Rxf5 0-1

[Event "Early-Titled-Tuesday-Blitz-October-10-2023"]
[Site "Chess.com"]
[Date "2023.10.10"]
[Round "1"]
[White "BahadirOzen"]
[Black "Zheenbekov86"]
[Result "1-0"]
[WhiteElo "2801"]
[BlackElo "2452"]
[TimeControl "180+1"]
[EndTime "8:05:54 PDT"]
[Termination "BahadirOzen won by resignation"]

1. g3 Nf6 2. Nf3 g6 3. Bg2 Bg7 4. O-O O-O 5. d3 d6 6. c4 e5 7.
Nc3 Nc6 8. Rb1 a5 9. a3 Be6 10.
Bg5 h6 11. Bxf6 Bxf6 12. b4 axb4 13. axb4 Bg7 14. b5 Ne7 15. Nd2 c6 16. bxc6 bxc6 17. Qb3 h5 18. Nde4 h4 19. Qb4 h3 20. Bh1 Nf5 21.
e3 Qc7 22. Qb6 Qc8 23. Qb7 Qxb7 24. Rxb7 Bc8 25. Rc7 Ra6 26. Rb1 Be6 27. Ng5 Ra3 28. Nxe6 fxe6 29. Ne4 Rfa8 30. Rxc6 Ra1 31. Rb6 Bh6 32.
Nf6+ Kf8 33. Bxa8 1-0

[Event "Early-Titled-Tuesday-Blitz-October-10-2023"]
[Site "Chess.com"]
[Date "2023.10.10"]
[Round "1"]
[White "lilleper1"]
[Black "motivated_bishop"]
[Result "1-0"]
[WhiteElo "2875"]
[BlackElo "2490"]
[TimeControl "180+1"]
[EndTime "8:05:55 PDT"]
[Termination "lilleper1 won by resignation"]

1. d4 Nf6 2. c4 e6 3. Nf3 d5 4. g3 c5 5. Bg2 dxc4 6. O-O Nc6 7. dxc5 Qxd1 8. Rxd1 Bxc5 9. Nbd2 c3 10. bxc3 O-O 11. Nb3 Be7 12. Nfd4 Bd7 13. Nb5 Rfd8 14. Be3 e5 15. Nc5 Bxc5 16. Bxc5 Bg4 17. Nd6 Bxe2 18. Rdb1 e4 19. Rxb7 Ne5 20. Nxe4 Nf3+ 21. Bxf3 Bxf3 22. Nxf6+ gxf6 23. Rxa7 Rxa7 24. Bxa7 Ra8 25. Bd4 Ra3 26. Bxf6 Bd5 27. Rd1 1-0

[Event "Early-Titled-Tuesday-Blitz-October-10-2023"]
[Site "Chess.com"]
[Date "2023.10.10"]
[Round "1"]
[White "GMKrikor"]
[Black "MartinMatthiesen"]
[Result "1-0"]
[WhiteElo "2861"]
[BlackElo "2481"]
[TimeControl "180+1"]
[EndTime "8:05:55 PDT"]
[Termination "GMKrikor won by resignation"]

1. Nf3 d5 2. c4 c6 3. d4 Nf6 4.
Nc3 e6 5. cxd5 exd5 6. Bf4 Bf5 7. e3 Be7 8. h3 O-O 9. g4 Bg6 10. Ne5 Qb6 11. Nxg6 hxg6 12. a3 Nbd7 13. Bd3 Rfe8 14.
Kf1 Nf8 15. b4 Ne6 16. Bg3 a5 17. b5 Rad8 18. bxc6 bxc6 19. Kg2 c5 20. Rb1 Qa7 21. Nb5 Qd7 22. dxc5 Nxc5 23. Bc2 Ne6 24. Ba4 Nc5 25. Bc2 Ne6 26. Nd4 Nxd4 27. Qxd4 Qe6 28. Rb6 Qc8 29. Ba4 Rf8 30. Rc6 Qb7 31. Rc7 1-0

[Event "Early-Titled-Tuesday-Blitz-October-10-2023"]
[Site "Chess.com"]
[Date "2023.10.10"]
[Round "1"]
[White "IngOscarArdila"]
[Black "Ramosha"]
[Result "0-1"]
[WhiteElo "2323"]
[BlackElo "2628"]
[TimeControl "180+1"]
[EndTime "8:05:55 PDT"]
[Termination "Ramosha won by resignation"]

1. d4 Nf6 2. c4 e6 3. Nc3 Bb4 4. Bg5 c5 5. dxc5 Qa5 6. Bd2 Qxc5 7. e3 d5 8. cxd5 Nxd5 9. Nxd5 Bxd2+ 10. Qxd2 Qxd5 11.
Qxd5 exd5 12. Nf3 Nc6 13. O-O-O Be6 14. Nd4 Rc8 15. Bb5 Ke7 16. Kb1 g6 17. a3 Ne5 18.
Rd2 a6 19. Be2 h5 20. Rc1 Rxc1+ 21. Kxc1 h4 22. h3 g5 23. Rc2 Kd6 24. Nf3 f6 25. Nd4 Bd7 26. f3 Rc8 27. Rxc8 Bxc8 28. b3 f5 29. Kd2 g4 30. f4 Nf7 31. Bd3 Nh6 32.
Ke2 Ke7 33. Kf2 Kf6 34. b4 Nf7 35. a4 Bd7 36. b5 a5 37. Nb3 b6 38. Nd4 Nd6 39.
Ke2 gxh3 40. gxh3 Ne4 41. Bxe4 fxe4 42. Kf2 Bxh3 43. Kg1 Bg4 44. Kh2 Bd1 45. Kh3 Bxa4 46. Kxh4 Bd1 47. Kg3 a4 48. Kf2 a3 49. Ke1 a2 50. Kxd1 a1=Q+ 0-1

[Event "Early-Titled-Tuesday-Blitz-October-10-2023"]
[Site "Chess.com"]
[Date "2023.10.10"]
[Round "1"]
[White "LamaChampetre"]
[Black "JiaHaoxiang"]
[Result "0-1"]
[WhiteElo "2259"]
[BlackElo "2594"]
[TimeControl "180+1"]
[EndTime "8:05:56 PDT"]
[Termination "JiaHaoxiang won by checkmate"]

1. d4 Nf6 2. c4 g6 3. Nc3 Bg7 4. e4 d6 5. h3 O-O 6. Nf3 e5 7.
d5 Nh5 8. g3 f5 9. exf5 gxf5 10.
Ng5 Qe8 11. Be2 Nf6 12. Be3 Na6 13. Qd2 f4 14. gxf4 exf4 15. Bxf4 Nc5 16. Be3 Bf5 17. Bxc5 dxc5 18. O-O-O h6 19. Nf3 Ne4 20. Nxe4 Qxe4 21. Qd3 Rae8 22. Rhe1 Qf4+ 23. Qd2 Rxe2 24. Qxf4 Bxb2# 0-1

[Event "Early-Titled-Tuesday-Blitz-October-10-2023"]
[Site "Chess.com"]
[Date "2023.10.10"]
[Round "1"]
[White "Manukyan_Artak"]
[Black "PeshkaCh"]
[Result "0-1"]
[WhiteElo "2458"]
[BlackElo "2822"]
[TimeControl "180+1"]
[EndTime "8:05:57 PDT"]
[Termination "PeshkaCh won by resignation"]

1. e4 e5 2. Nf3 Nc6 3. d4 exd4 4.
Nxd4 Nf6 5. Nxc6 bxc6 6. e5 Qe7 7. Qe2 Nd5 8. c4 Nb6 9. b3 g6 10. g3 Bg7 11. Bb2 d6 12. Bg2 Bb7 13. f4 O-O 14.
O-O Rfe8 15. Re1 dxe5 16. fxe5 Nd7 17. Nd2 Nxe5 18. Kh1 Qd7 19. Ne4 Rad8 20. Rad1 Qc8 21. Rxd8 Qxd8 22. Nc5 Ba8 23. Nd3 f6 24. Nxe5 fxe5 25.
h4 c5 26. h5 Bxg2+ 27. Qxg2 Qg5 28. hxg6 Qxg6 29. Qd5+ Kh8 30. Kg2 Qc2+ 0-1

[Event "Early-Titled-Tuesday-Blitz-October-10-2023"]
[Site "Chess.com"]
[Date "2023.10.10"]
[Round "1"]
[White "jens1102"]
[Black "inagreV"]
[Result "1-0"]
[WhiteElo "2598"]
[BlackElo "2275"]
[TimeControl "180+1"]
[EndTime "8:05:57 PDT"]
[Termination "jens1102 won by resignation"]

1. d4 Nf6 2. Bg5 d5 3. Nf3 Ne4 4. Bf4 c5 5. e3 Nc6 6. Bb5 Qb6 7. c4 cxd4 8. Nxd4 e5 9. Bxe5 Bb4+ 10. Kf1 O-O 11.
Bxc6 bxc6 12. f3 Ng5 13. h4 Ne6 14. a3 Be7 15. Nf5 Bf6 16. Bxf6 gxf6 17. Qc2 Ba6 18.
Nd2 d4 19. Kf2 dxe3+ 20. Nxe3 Nd4 21. Qe4 Rfe8 22. Qg4+ Kh8 23. Qf4 Rxe3 24. Qxe3 Qxb2 25. Rab1 1-0

[Event "Early-Titled-Tuesday-Blitz-October-10-2023"]
[Site "Chess.com"]
[Date "2023.10.10"]
[Round "1"]
[White "ActorXu"]
[Black "Shivananda1964"]
[Result "1-0"]
[WhiteElo "2730"]
[BlackElo "2420"]
[TimeControl "180+1"]
[EndTime "8:06:03 PDT"]
[Termination "ActorXu won by resignation"]

1. e4 Nc6 2. Nf3 e5 3. Bc4 Nf6 4. d3 Be7 5. O-O O-O 6. Re1 d6 7. a4 a6 8. a5 Be6 9. Nc3 Bxc4 10. dxc4 Nd7 11. Nd5 Nc5 12. b4 Ne6 13. Be3 Nb8 14. Nd2 Nd7 15. Qg4 c6 16. Nb6 Nxb6 17. Bxb6 Qc8 18.
Nf1 c5 19. b5 Bg5 20. Red1 h6 21. Rxd6 Nd4 22. Qxc8 Raxc8 23. bxa6 bxa6 24. g3 Nxc2 25. Rad1 Nd4 26. h4 Be7 27. Rd7 Rfe8 28. Kg2 f6 29. Ne3 Kf7 30. Nd5 Ke6 31. Ra7 Ra8 32. Rxa8 1-0

[Event "Early-Titled-Tuesday-Blitz-October-10-2023"]
[Site "Chess.com"]
[Date "2023.10.10"]
[Round "1"]
[White "savitha1030"]
[Black "remi04"]
[Result "0-1"]
[WhiteElo "2485"]
[BlackElo "2872"]
[TimeControl "180+1"]
[EndTime "8:06:06 PDT"]
[Termination "remi04 won by resignation"]

1. d4 d5 2. Nc3 Bf5 3. Bf4 c6 4. e3 Nd7 5. h4 e6 6. g4 e5 7. Bg5 Qb6 8. gxf5 Qxb2 9. Na4 Qa3 10. Nc5 Qc3+ 11. Ke2 Bxc5 12. dxc5 h6 13. Bg2 Nxc5 14.
Nf3 hxg5 15. hxg5 Rxh1 16. Bxh1 Ne7 17. f6 gxf6 18. gxf6 Ng6 19. Rb1 O-O-O 20. Kf1 Qc4+ 21. Kg1 Rg8 22. Bg2 Qg4 23. Kh2 Nf4 24. Ne1 Qh4+ 25. Kg1 Nh3+ 26. Kh2 Nxf2+ 0-1

[Event "Early-Titled-Tuesday-Blitz-October-10-2023"]
[Site "Chess.com"]
[Date "2023.10.10"]
[Round "1"]
[White "Journey_to_GrandMaster_YT"]
[Black "brunomorado"]
[Result "0-1"]
[WhiteElo "2613"]
[BlackElo "2345"]
[TimeControl "180+1"]
[EndTime "8:06:07 PDT"]
[Termination "brunomorado won by resignation"]

1. d4 d5 2. Nf3 Nf6 3. c4 c6 4. Nc3 e6 5. Bg5 h6 6. Bh4 dxc4 7. e3 b5 8. a4 Bb4 9. Be2 Bb7 10. O-O a6 11. Ne4 Nbd7 12. Ne5 Be7 13. Nxd7 Qxd7 14.
Bxf6 gxf6 15. Bf3 c5 16. dxc5 Qxd1 17. Rfxd1 Bxe4 18. Bxe4 Rc8 19. axb5 axb5 20. Bb7 Rb8 21. c6 O-O 22. Ba6 Bd8 23. Rd7 Bb6 24. Rad1 Rbc8 25.
Bxc8 Rxc8 26. Rb7 Rxc6 27. Rdd7 b4 28. Rxf7 c3 29. bxc3 bxc3 30. Rg7+ Kf8 31. Rh7 Kg8 32.
Rhd7 Rc8 33. Rd2 cxd2 0-1

[Event "Early-Titled-Tuesday-Blitz-October-10-2023"]
[Site "Chess.com"]
[Date "2023.10.10"]
[Round "1"]
[White "GAusal"]
[Black "NicolaiMaxime"]
[Result "0-1"]
[WhiteElo "2280"]
[BlackElo "2603"]
[TimeControl "180+1"]
[EndTime "8:06:07 PDT"]
[Termination "NicolaiMaxime won by resignation"]

1. d4 Nf6 2. Nf3 e6 3. Bf4 b6 4. e3 Bb7 5. Be2 c5 6. c3 Nc6 7. O-O Be7 8. Nbd2 d6 9. Re1 Qd7 10. Rc1 h6 11. h3 O-O 12. Bh2 Rfe8 13. Nf1 Bf8 14. dxc5 bxc5 15. Qa4 Nd4 16. Qxd7 Nxe2+ 17. Rxe2 Nxd7 18. Rd2 e5 19. c4 Nf6 20. b3 a5 21.
Rcd1 a4 22. Rxd6 Bxd6 23. Rxd6 Bxf3 24. gxf3 axb3 25. axb3 Rab8 26. Rc6 Nd7 27. Ng3 Rxb3 28. Ne4 Rb4 29. Kg2 Re6 30. Nd6 Kh7 31. f4 Nb8 32. f5 Rf6 33. Rxc5 Rxd6 34. Bxe5 Rc6 35. Rd5 f6 36. Bd4 Rbxc4 37. Rd8 Rc8 38. Rd6 Nc6 39. Rd7 Nxd4 40. exd4 Re8 41. f3 Re2+ 42. Kg3 Rd2 0-1

[Event "Early-Titled-Tuesday-Blitz-October-10-2023"]
[Site "Chess.com"]
[Date "2023.10.10"]
[Round "1"]
[White "surrenderPLS"]
[Black "Msb2"]
[Result "0-1"]
[WhiteElo "2518"]
[BlackElo "3082"]
[TimeControl "180+1"]
[EndTime "8:06:09 PDT"]
[Termination "Msb2 won on time"]

1. e4 e6 2. d4 d5 3. Nc3 Nf6 4. e5 Nfd7 5. f4 c5 6. Nf3 Nc6 7. Be3 a6 8. a3 cxd4 9. Nxd4 Bc5 10. Qd2 g5 11. g3 gxf4 12. gxf4 Nxd4 13. Bxd4 Qh4+ 14.
Qf2 Qxf2+ 15. Bxf2 Bxf2+ 16. Kxf2 f6 17. exf6 Nxf6 18. Re1 Ke7 19. Rg1 Bd7 20. Bh3 Kd6 21. Re5 Raf8 22. Rge1 Re8 23. Rd1 Rhf8 24. Ne4+ Nxe4+ 25. Rxe4 Kc7 26. Red4 Bc6 27. Kg3 e5 28. fxe5 Rxe5 29.
R1d3 Re2 30. c4 dxc4 31. Rxc4 Kb8 32. Rcd4 Rg8+ 33. Rg4 Rge8 34. Rgd4 Rxb2 35. Rd8+ Rxd8 36. Rxd8+ Ka7 37. Rd3 Kb6 38. Bg4 Kc5 39. Bf3 Kc4 40. Re3 Bxf3 41. Rxf3 Rb3 0-1

[Event "Early-Titled-Tuesday-Blitz-October-10-2023"]
[Site "Chess.com"]
[Date "2023.10.10"]
[Round "1"]
[White "draksbg"]
[Black "VOneChess"]
[Result "1-0"]
[WhiteElo "2589"]
[BlackElo "2255"]
[TimeControl "180+1"]
[EndTime "8:06:11 PDT"]
[Termination "draksbg won by resignation"]

1. e4 c5 2. Nf3 d6 3. Bc4 Nc6 4. c3 g6 5. d4 cxd4 6. cxd4 Bg7 7. h3 e6 8. Bb3 Nge7 9. O-O O-O 10. Nc3 a6 11. Re1 b5 12. Bg5 Qc7 13. Rc1 Qb6 14.
d5 exd5 15. exd5 h6 16. Bxe7 Nxe7 17. Rxe7 Bf5 18. Qd2 Rfe8 19. Rce1 Rxe7 20. Rxe7 b4 21. Na4 Qd8 22. Re1 Rc8 23. Nd4 Bd7 24. Nc6 Rxc6 25. dxc6 Bxc6 26. Qf4 d5 27. Nc5 Qf8 28. Nd3 Kh7 29.
Ne5 Be8 30. Bxd5 f6 31. Ng4 h5 32. Ne3 Bh6 33. Qf3 Bd7 34. Be4 f5 35. Bd3 Bg7 36. Nd5 Qc5 37. b3 Bc6 38. Bc4 a5 39. Re6 Bb7 40.
Nf6+ Bxf6 41. Qxb7+ Bg7 42. Re7 Qd4 43. Rxg7+ Qxg7 44.
Qxg7+ Kxg7 45. f4 Kf6 46. Kf2 g5 47. Ke3 g4 48. h4 g3 49. Kd4 Ke7 50. Kc5 Kd7 51.
Kd5 Kc7 52. Ke5 Kb6 53. Kxf5 Kc5 54. Ke4 Kd6 55. f5 Kc6 56. Ke5 Kd7 57. f6 Ke8 58. Ke6 Kd8 59. f7 Kc7 60. f8=Q Kc6 61. Qd6+ Kb7 62.
Bd5+ 1-0

[Event "Early-Titled-Tuesday-Blitz-October-10-2023"]
[Site "Chess.com"]
[Date "2023.10.10"]
[Round "1"]
[White "Grischuk"]
[Black "Actuary44"]
[Result "1-0"]
[WhiteElo "3010"]
[BlackElo "2511"]
[TimeControl "180+1"]
[EndTime "8:06:12 PDT"]
[Termination "Grischuk won by resignation"]

1. d4 Nf6 2. Nf3 g6 3. e3 Bg7 4. Be2 d6 5. O-O O-O 6. b3 Nfd7 7. c4 Nc6 8. Nc3 e5 9. Bb2 f5 10. Rc1 e4 11. Nd2 Ne7 12. b4 c6 13. a4 d5 14.
b5 f4 15. exf4 Rxf4 16. Nb3 Nf6 17. a5 Rh4 18. a6 bxa6 19. bxc6 Nxc6 20. Nxd5 Nxd5 21.
cxd5 Ne7 22. g3 Rh6 23. Nc5 Nxd5 24. Nxe4 Kh8 25. Bf3 Bb7 26. Nc5 Bc6 27. Ne6 Qd7 28. Re1 Rf8 29. Nxf8 Qh3 30. Rxc6 Qxh2+ 31. Kf1 Nf6 32.
Rxf6 Bxf6 33. Nd7 Kg7 34. Nxf6 Kxf6 35. d5+ Kf7 36. d6 Qh3+ 37. Bg2 Qf5 38. Qd5+ 1-0

[Event "Early-Titled-Tuesday-Blitz-October-10-2023"]
[Site "Chess.com"]
[Date "2023.10.10"]
[Round "1"]
[White "marvelavengers4"]
[Black "Aswathchess"]
[Result "0-1"]
[WhiteElo "2301"]
[BlackElo "2615"]
[TimeControl "180+1"]
[EndTime "8:06:14 PDT"]
[Termination "Aswathchess won by resignation"]

1. d4 Nf6 2. Nf3 e6 3. e3 b6 4. Bd3 Bb7 5. O-O Be7 6. b3 O-O 7. Bb2 d6 8. Nbd2 Nbd7 9. Qe2 c5 10. a4 Qc7 11. a5 cxd4 12. exd4 Nd5 13. a6 Bc6 14. c4 Nf4 15. Qe3 Nxd3 16. Qxd3 Nf6 17. Rfe1 Qd7 18. b4 b5 19. c5 Rfd8 20. Qe2 Nd5 21.
cxd6 Qxd6 22. Ne4 Qf4 23. Ne5 Be8 24. Bc1 Qh4 25. g3 Qh3 26. Bd2 Nxb4 27. Be3 Nd5 28. Rec1 Rac8 29. Rc2 f6 30. Nd3 Bh5 31. f3 Bxf3 32.
Qxf3 Rxc2 33. Ndf2 Qf5 34. Qd1 Nxe3 0-1

[Event "Early-Titled-Tuesday-Blitz-October-10-2023"]
[Site "Chess.com"]
[Date "2023.10.10"]
[Round "1"]
[White "HrvojeZagreb"]
[Black "Dacean99"]
[Result "1-0"]
[WhiteElo "2307"]
[BlackElo "2589"]
[TimeControl "180+1"]
[EndTime "8:06:14 PDT"]
[Termination "HrvojeZagreb won by checkmate"]

1. d4 Nf6 2. Bf4 d5 3. e3 c5 4. Nc3 Nc6 5. Nb5 Bg4 6. f3 Bf5 7. Nc7+ Kd7 8. Nxa8 Qxa8 9. g4 Bg6 10. h4 h6 11. h5 Bh7 12. Bd3 Bxd3 13. Qxd3 e6 14.
O-O-O c4 15. Qe2 a5 16. e4 a4 17. a3 b5 18. c3 Qa5 19. g5 hxg5 20. Bxg5 Nxh5 21.
exd5 exd5 22. Qc2 g6 23. Ne2 Bd6 24. Bf4 Be7 25. Be5 Re8 26. Rxh5 gxh5 27. Qf5+ Kd8 28. Qxf7 b4 29. cxb4 Qb5 30. Nf4 Bg5 31. Kc2 Rxe5 32.
dxe5 Bxf4 33. Rxd5+ Kc8 34. Rxb5 Nd4+ 35. Kd1 Nxb5 36.
Qe8+ Kc7 37. Qxb5 c3 38. Qc4+ Kd7 39. Qxf4 cxb2 40. Kc2 b1=Q+ 41. Kxb1 h4 42. Qxh4 Ke6 43. Qc4+ Kxe5 44. b5 Kd6 45. Qxa4 Kc5 46. Qb3 Kb6 47. a4 Ka5 48. f4 Kb6 49. a5+ Kxa5 50. b6 Ka6 51. b7 Ka5 52. b8=Q Ka6 53. Qa8# 1-0

[Event "Early-Titled-Tuesday-Blitz-October-10-2023"]
[Site "Chess.com"]
[Date "2023.10.10"]
[Round "1"]
[White "krzyzan94"]
[Black "szachmistrz2500"]
[Result "1-0"]
[WhiteElo "2778"]
[BlackElo "2447"]
[TimeControl "180+1"]
[EndTime "8:06:16 PDT"]
[Termination "krzyzan94 won by resignation"]

1. e4 c5 2. Nf3 d6 3. d4 cxd4 4.
Nxd4 Nf6 5. Nc3 a6 6. Be2 e5 7.
Nb3 Be7 8. O-O Be6 9. f4 Qc7 10. f5 Bc4 11. Kh1 Nbd7 12. Bg5 b5 13. a3 Rc8 14.
Qd2 h6 15. Be3 Nb6 16. Rad1 Bxe2 17. Bxb6 Qxb6 18. Qxe2 O-O 19. Nc1 b4 20. axb4 Qxb4 21. Nd3 Qc4 22. Ra1 d5 23. Ra4 Qc7 24. exd5 Bd6 25.
Rxa6 e4 26. Nxe4 Nxe4 27. Qxe4 Qxc2 28. Rxd6 Rfe8 29. Qf3 Re2 30. Rc6 Rxc6 31. dxc6 Rd2 32. Ne5 Qxb2 33. Nc4 1-0

[Event "Early-Titled-Tuesday-Blitz-October-10-2023"]
[Site "Chess.com"]
[Date "2023.10.10"]
[Round "1"]
[White "Vaathi_Coming"]
[Black "Triumphmate"]
[Result "1-0"]
[WhiteElo "2881"]
[BlackElo "2491"]
[TimeControl "180+1"]
[EndTime "8:06:19 PDT"]
[Termination "Vaathi_Coming won by resignation"]

1. b3 d5 2. Bb2 Nc6 3. Nf3 Bg4 4. e3 e5 5. h3 Bxf3 6. Qxf3 Nf6 7. Bb5 Bd6 8. Nc3 e4 9. Qe2 a6 10. Bxc6+ bxc6 11. O-O-O Qe7 12. f3 exf3 13. gxf3 Ba3 14. Rhg1 Bxb2+ 15. Kxb2 g6 16. d4 a5 17. a4 O-O 18. e4 Rfe8 19.
e5 Qb4 20. f4 Rab8 21. f5 c5 22.
fxg6 hxg6 23. Qd3 c4 24. Rxg6+ Kf8 25. Qf5 cxb3 26. Rxf6 bxc2+ 27. Kxc2 Qb2+ 28. Kd3 Re7 29. Rf1 Ke8 30. Rxf7 Rxf7 31. Qxf7+ Kd8 32. Qxd5+ 1-0

[Event "Early-Titled-Tuesday-Blitz-October-10-2023"]
[Site "Chess.com"]
[Date "2023.10.10"]
[Round "1"]
[White "Marcin"]
[Black "Man-Chuk"]
[Result "1-0"]
[WhiteElo "2455"]
[BlackElo "2735"]
[TimeControl "180+1"]
[EndTime "8:06:19 PDT"]
[Termination "Marcin won on time"]

1. Nf3 d5 2. e3 c5 3. c4 d4 4.
exd4 cxd4 5. d3 Nc6 6. g3 e5 7. Bg2 Bd6 8. O-O a5 9. Na3 Nge7 10. Nb5 O-O 11. Nxd6 Qxd6 12. Re1 Ng6 13. Ng5 h6 14. Ne4 Qc7 15. Qh5 Nb4 16. Bxh6 gxh6 17. Qxh6 Ra6 18. a3 Nc2 19. Ng5 Rd8 20. Bd5 Rxd5 21.
cxd5 Nf8 22. Ne6 fxe6 23. Rac1 exd5 24. Qg5+ Ng6 25. Re2 Rc6 26. Rcxc2 Rxc2 27. Qxg6+ Kf8 28. Qf6+ Kg8 29. Rxe5 Rc1+ 30. Kg2 Qf7 31. Qd8+ Kh7 32. Re7 1-0

[Event "Early-Titled-Tuesday-Blitz-October-10-2023"]
[Site "Chess.com"]
[Date "2023.10.10"]
[Round "1"]
[White "Jojo_898"]
[Black "Karttunen"]
[Result "0-1"]
[WhiteElo "2370"]
[BlackElo "2654"]
[TimeControl "180+1"]
[EndTime "8:06:19 PDT"]
[Termination "Karttunen won by resignation"]

1. e4 d6 2. d4 Nf6 3. Nc3 g6 4. Nf3 Bg7 5. Be3 Bg4 6. Be2 Nc6 7. O-O Bxf3 8. Bxf3 e5 9. dxe5 Nxe5 10. Be2 O-O 11.
f4 Nc6 12. f5 Qe8 13. Bg5 Nxe4 14. Nxe4 Qxe4 15. f6 Qd4+ 16. Kh1 Qxd1 17. Raxd1 Bh8 18.
Bf3 Rfe8 19. Bxc6 bxc6 20. Rfe1 h6 21. Bxh6 Bxf6 22. c3 Rab8 23. Rxe8+ Rxe8 24. Kg1 Re2 25. Rd2 Rxd2 26. Bxd2 Be5 27. h3 f5 28. Kf2 Kf7 29.
Be3 c5 30. Bg5 Ke6 31. Ke2 d5 32. Kd3 c4+ 33. Ke2 c5 34. Bh6 d4 35. Kd2 Kd5 36. Bf8 Bf4+ 37. Ke2 Bc1 38. cxd4 cxd4 39. Ba3 c3 0-1

[Event "Early-Titled-Tuesday-Blitz-October-10-2023"]
[Site "Chess.com"]
[Date "2023.10.10"]
[Round "1"]
[White "HeinichessPY"]
[Black "ilm2034"]
[Result "0-1"]
[WhiteElo "2204"]
[BlackElo "2578"]
[TimeControl "180+1"]
[EndTime "8:06:19 PDT"]
[Termination "ilm2034 won on time"]

1. e4 g6 2. Nc3 Bg7 3. f4 c5 4.
Nf3 Nc6 5. Bc4 d6 6. O-O e6 7. d3 Nge7 8. Qe1 b6 9. f5 gxf5 10. exf5 Nxf5 11. Ng5 Ncd4 12. Nce4 d5 13. c3 h6 14. cxd4 hxg5 15. Bb5+ Kf8 16. Nxg5 Bxd4+ 17. Kh1 Qd6 18. Bf4 e5 19. Bg3 a6 20. Ba4 Be6 21.
Bb3 Ke7 22. Rc1 Rag8 23. Bh4 Nxh4 24. Qxh4 Rxh4 0-1

[Event "Early-Titled-Tuesday-Blitz-October-10-2023"]
[Site "Chess.com"]
[Date "2023.10.10"]
[Round "1"]
[White "cycygogne"]
[Black "BigAl"]
[Result "0-1"]
[WhiteElo "2243"]
[BlackElo "2587"]
[TimeControl "180+1"]
[EndTime "8:06:21 PDT"]
[Termination "BigAl won by resignation"]

1. e4 c6 2. d4 d5 3. Nc3 dxe4 4.
Nxe4 Nf6 5. Ng3 h5 6. h4 Bg4 7.
Be2 c5 8. Bxg4 Nxg4 9. Nf3 cxd4 10. Qxd4 Nc6 11. Qa4 e6 12. Bf4 Bc5 13. O-O Qb6 14. Ne4 Be7 15. Bd6 O-O 16. Rad1 Bxd6 17. Nxd6 Rad8 18. Ng5 Qc7 19. Qa3 b5 20. Qg3 Nce5 21.
Nde4 Rxd1 22. Rxd1 Qxc2 23. Rf1 f6 24. Nxe6 Qxe4 25. Nxf8 Kxf8 26. f3 Qd4+ 27. Kh1 Ne3 28. Rc1 Nf5 29. Rc8+ Kf7 30. Rc7+ Kg8 31. Rc8+ Kh7 32.
Qe1 Nd3 33. Qb1 Nf2+ 34. Kh2 Qxh4+ 35. Kg1 Qh1+ 36. Kxf2 Qxb1 0-1

[Event "Early-Titled-Tuesday-Blitz-October-10-2023"]
[Site "Chess.com"]
[Date "2023.10.10"]
[Round "1"]
[White "amanmuhammethommadov"]
[Black "Zhani-Z"]
[Result "1-0"]
[WhiteElo "2570"]
[BlackElo "2188"]
[TimeControl "180+1"]
[EndTime "8:06:22 PDT"]
[Termination "amanmuhammethommadov won on time"]

1. e4 e5 2. Nf3 Nc6 3. Bb5 a6 4. Ba4 Nf6 5. O-O Be7 6. Re1 O-O 7. Bxc6 dxc6 8. Nxe5 Re8 9. d3 Bc5 10. Nf3 Bg4 11. h3 Bh5 12. Be3 Bxe3 13. Rxe3 Nxe4 14. Nbd2 Nf6 15. Qe2 Rxe3 16. Qxe3 Qd7 17. Ne5 Qe6 18.
Nb3 Re8 19. Re1 Nd5 20. Qg3 Qd6 21. Nd4 Bg6 22. Ndf3 c5 23. a3 b5 24. Qh4 f6 25.
Nxg6 Rxe1+ 26. Nxe1 hxg6 27. Qe4 Kf7 28. Nf3 Qe6 29. Qh4 Qe2 30. c4 Ne7 31. Qf4 Qxd3 32.
Ne5+ 1-0

[Event "Early-Titled-Tuesday-Blitz-October-10-2023"]
[Site "Chess.com"]
[Date "2023.10.10"]
[Round "1"]
[White "bennyficial"]
[Black "Wizard_97"]
[Result "0-1"]
[WhiteElo "2137"]
[BlackElo "2556"]
[TimeControl "180+1"]
[EndTime "8:06:22 PDT"]
[Termination "Wizard_97 won by resignation"]

1. Nf3 Nf6 2. c4 e6 3. b3 b6 4. Bb2 Bb7 5. g3 Be7 6. Bg2 O-O 7. O-O d5 8. d3 c5 9. Ne5 Nbd7 10. f4 Qc7 11.
Nd2 d4 12. Nxd7 Qxd7 13. Bxb7 Qxb7 14. Qe1 Ng4 15. Rf3 Bd6 16. Nf1 f5 17. h3 Nf6 18.
Qf2 g6 19. Qg2 e5 20. fxe5 Bxe5 21. e3 Rad8 22. Re1 Rfe8 23. exd4 Bxd4+ 24. Bxd4 Rxd4 25. Rxe8+ Nxe8 26. Re3 Qxg2+ 27. Kxg2 Kf7 28. Nd2 Rd7 29. Nf3 Kf8 30. Ne5 Rd6 31. Kf3 Nf6 32. g4 fxg4+ 33. hxg4 Kg7 34. Kf4 h6 35. Re1 Rd4+ 36. Kf3 Nd7 37. Nc6 Rxd3+ 38. Ke4 Rd6 39. Ne5 Re6 40. Kd5 Rxe5+ 41. Rxe5 Nxe5 42. Kxe5 h5 43. g5 Kf7 44.
Kf4 Ke6 45. Ke4 a6 46. a3 b5 47. cxb5 axb5 48. a4 bxa4 49. bxa4 Kd6 50. Kd3 h4 51. Kc4 h3 52. Kb5 h2 53. Kb6 h1=Q 54. a5 Qc6+ 0-1